 Dungeon Crawl Stone Soup version 0.29-a0-214-g17f627cfee (webtiles) character file.

Game seed: 7695229525324199553

123 daftaero the Cudgeller (level 5, -3/42 HPs)
             Began as a Human Cinder Acolyte on Feb 24, 2022.
             Was a High Priest of Ignis.
             Killed from afar by an orc wizard (6 damage)
             ... with a magic dart
             ... on level 4 of the Dungeon.
             The game lasted 00:10:45 (3605 turns).

daftaero the Cudgeller (Human Cinder Acolyte)       Turns: 3605, Time: 00:10:46

Health: -3/42      AC:  4    Str: 14    XL:     5   Next: 28%
Magic:  1/6        EV: 11    Int: 16    God:    Ignis [*****.]
Gold:   175        SH:  0    Dex:  9    Spells: 0/6 levels left

rFire   + . .      SeeInvis .   a - -1 mace (flame)
rCold   + . .      Faith    .   (no shield)
rNeg    + . .      Spirit   .   b - +0 robe
rPois   .          Reflect  .   e - +1 helmet "Jamy" {rN+}
rElec   .          Harm     .   (no cloak)
rCorr   .          Rampage  .   (no gloves)
Will    .....                   (no boots)
Stlth   +.........              (no amulet)
HPRegen 0.14/turn               m - ring of protection from cold
MPRegen 0.10/turn               p - ring of wizardry

@: no status effects
A: no striking features
a: Renounce Religion, Fiery Armour, Foxfire Swarm, Rising Flame


You were on level 4 of the Dungeon.
You worshipped Ignis.
Ignis was extremely pleased with you.
You visited 1 branch of the dungeon, and saw 4 of its levels.

You collected 175 gold pieces.

Inventory:

Hand Weapons
 a - a -1 mace of flaming (weapon)
Missiles
 c - 6 poisoned darts (quivered)
 n - 2 throwing nets
Armour
 b - a +0 robe (worn)
 e - the +1 helmet "Jamy" (worn) {rN+}
   (You acquired it on level 1 of the Dungeon)

   rN:        It protects you from negative energy.
 j - a +0 ring mail
 o - a +0 buckler
Jewellery
 m - a ring of protection from cold (left hand)
 p - a ring of wizardry (right hand)
Wands
 l - a wand of charming (9)
Scrolls
 f - a scroll of identify
 q - a scroll of amnesia
Potions
 d - a potion of might {unknown}
 g - a potion of mutation {unknown}
 h - 2 potions of heal wounds
 i - a potion of invisibility {unknown}
 k - a potion of lignification {unknown}


   Skills:
 + Level 4.0 Fighting
 + Level 4.0 Maces & Flails
 + Level 1.0 Spellcasting
 - Level 4.0 Fire Magic


You couldn't memorise any spells.
You knew the following spells:

 Your Spells              Type           Power      Damage    Failure   Level
a - Scorch                Fire           26%        2d6       2%          2
b - Flame Wave            Conj/Fire      7%         2d5       36%         4

Your spell library contained the following spells:

 Spells                   Type           Power      Damage    Failure   Level
 Animate Skeleton         Necr           0%         N/A       9%          1
 Pain                     Necr           0%         1d4       9%          1
 Summon Small Mammal      Summ           0%         N/A       9%          1
 Call Canine Familiar     Summ           0%         N/A       26%         3
 Summon Guardian Golem    Hex/Summ       0%         N/A       26%         3
 Vampiric Draining        Necr           0%         2d6       26%         3
 Petrify                  Tmut/Erth      0%         N/A       63%         4
 Metabolic Englaciation   Hex/Ice        0%         N/A       91%         5
 Statue Form              Tmut/Erth      0%         N/A       100%        6
 Summon Cactus Giant      Summ           0%         N/A       100%        6


Dungeon Overview and Level Annotations

Branches:
Dungeon (4/15)
 Temple: D:4-7

Altars:
Qazlal
Sif Muna


Message History

The orc wizard's fire resistance burns away.
The orc wizard closely misses you.
There is a stone staircase leading up, spattered with blood here.
You hit the orc wizard. You burn the orc wizard.
The orc wizard is moderately wounded.
The orc wizard is no longer more vulnerable to fire.
The orc wizard hits you with a +3 dagger of freezing.
You hit the orc wizard. You burn the orc wizard.
The orc wizard is heavily wounded.
The orc wizard hits you with a +3 dagger of freezing.
The orc wizard misses you.
You hit the orc wizard. You burn the orc wizard.
The orc wizard is severely wounded.
The orc wizard hits you but does no damage.
You hit the orc wizard but do no damage.
The orc wizard is severely wounded.
The orc wizard hits you with a +3 dagger of freezing.
You barely miss the orc wizard.
The orc wizard is severely wounded.
The orc wizard mumbles some strange words.
The orc wizard flickers and vanishes!
Deactivating autopickup; reactivate with Ctrl-A.
You miss something. Something hits you.
You closely miss something. Something hits you. x2
You closely miss something. Something hits you but does no damage.
You miss something. Something hits you. Something freezes you.
You miss something. Something hits you.
* * * LOW HITPOINT WARNING * * *
Something freezes you.
* * * LOW HITPOINT WARNING * * *
You closely miss something. Something hits you.
* * * LOW HITPOINT WARNING * * *
Something freezes you.
* * * LOW HITPOINT WARNING * * *
You hit something. You burn something. Something hits you.
* * * LOW HITPOINT WARNING * * *
You hear some strange, mumbled words.
A magic dart appears from out of thin air!
The magic dart hits you.
You die...

.##.#...... #...<... ..
#...........# #......##..
#........... ###.......?.#
#....<....# #.........#.#
#..#......# #.##......# .
#........###..##....##
.##..............†....o##.
.............###...##oo<..
..##...@..##...o# ###...
####{..##.... .h..
#.......#. ..hh. ...†...##
##...S .#......# ##.[.
..#........ #... ..
......#.. #... ...
....###.. ... ##...


There were no monsters in sight!

Vanquished Creatures
  4 gnolls (D:3)
  A howler monkey skeleton (D:4)
  An adder skeleton (D:4)
  2 worms
  A dart slug (D:1)
  3 endoplasms
  11 giant cockroaches (D:2)
  7 goblins
  4 hobgoblins
  10 kobolds
  3 quokkas (D:3)
  7 ball pythons
  2 bats
  2 frilled lizards (D:1)
  6 rats
64 creatures vanquished.

Vanquished Creatures (others)
  A fungus (D:1)
  5 plants
6 creatures vanquished.

Grand Total: 70 creatures vanquished

Notes
Turn   | Place    | Note
-------+----------+-------------------------------------------
     0 | D:1      | daftaero the Human Cinder Acolyte began the quest for the
                  | Orb.
     0 | D:1      | Reached XP level 1. HP: 18/18 MP: 2/2
    95 | D:1      | Reached XP level 2. HP: 17/24 MP: 3/3
   364 | D:1      | Identified a scroll of acquirement
   364 | D:1      | Acquired the +1 helmet "Jamy" {rN+}
   506 | D:1      | Found a faded altar of an unknown god.
   724 | D:1      | Reached XP level 3. HP: 29/29 MP: 4/4
   892 | D:1      | Learned a level 2 spell: Scorch
  1509 | D:2      | Reached XP level 4. HP: 26/35 MP: 3/5
  1975 | D:3      | Found a shimmering blue altar of Sif Muna.
  2612 | D:3      | Reached XP level 5. HP: 34/42 MP: 1/6
  2904 | D:3      | Found a stormy altar of Qazlal.
  3548 | D:3      | Learned a level 4 spell: Flame Wave
  3605 | D:4      | Killed from afar by an orc wizard

Illustrated notes

Levels and vault maps discovered:
D:1:      ebering_trefoil_3fold, layout_basic,
          shapermc_ecumenical_altar_mp_ritualfount
D:2:      minmay_roachtagon, layout_loops_ring, minmay_tiny_reverse_x
D:3:      wad_woods_settlement, layout_loops_corners, grunt_qazlal_sundering,
          mainiacjoe_overflow_tiny_flanked, kennysheep_minor_cross, st_stairs_13
D:4:      layout_cave_pools, old_standard_altar, fedhas_ov_isle_minmay,
          minmay_ruptured

Skill      XL: |  1  2  3  4  5 |
---------------+----------------+-----
Maces & Flails | 4 |  4.0
Fire Magic     | 4 |  4.0
Fighting       | 4 |  4.0
Spellcasting   | |  1.0

Action                   |  1- 3 |  4- 6 || total
-------------------------+-------+-------++-------
Melee: Mace              |   106 |    95 ||   201
       Punch             |     1 |     1 ||     2
Throw: Dart              |     5 |     2 ||     7
 Cast: Scorch            |     5 |    16 ||    21
  Use: Scroll            |     5 |     1 ||     6
Armor: Robe              |    28 |    35 ||    63
Dodge: Dodged            |    54 |    58 ||   112

Table legend: (Time is in decaauts)
 A = Elapsed time spent in this place.
 B = Non-inter-level travel time spent in this place.
 C = Inter-level travel time spent in this place.
 D = Time resting spent in this place.
 E = Time spent auto-exploring this place.
 F = Levels seen in this place.
 G = Mean time per level.
                   A        B        C        D        E       F      G
               +--------+--------+--------+--------+--------+-----+--------+
         Total |   3654 |   3634 |     20 |    293 |   2201 |   4 |  913.5 |
       Dungeon |   3654 |   3634 |     20 |    293 |   2201 |   4 |  913.5 |
               +--------+--------+--------+--------+--------+-----+--------+

Top non-repeatable levels by time:
     D:3: 1649 daAuts
     D:2: 1016 daAuts
     D:1: 923 daAuts
     D:4: 64 daAuts
